 Dungeon Crawl Stone Soup version 0.31-a0-164-g2312942fda (webtiles) character file.

Game seed: 10617711771647748077

963 qw the Chopper (level 8, -5/49 HPs)
             Began as a Gargoyle Fighter on June 13, 2023.
             Slain by a gnoll
             ... wielding a +0 spear
              (8 damage)
             ... on level 5 of the Dungeon.
             The game lasted 00:01:51 (3221 turns).

qw the Chopper (Gargoyle Fighter)                   Turns: 3221, Time: 00:01:52

Health: -5/49      AC: 15    Str: 23    XL:     8   Next: 15%
Magic:  8/8        EV:  8    Int:  8    God:
Gold:   132        SH:  4    Dex:  9    Spells: 7/7 levels left

rFire   . . .        Y - +0 war axe
rCold   + . .        c - +0 buckler
rNeg    + . .        m - +0 chain mail
rPois   inf          (no helmet)
rElec   +            k - +0 cloak
rCorr   .            (no gloves)
SInv    .            (no boots)
Will    .....        (no amulet) Stlth
                     r - ring of protection from cold
HPRegen 0.28/turn    (no ring)
MPRegen 0.11/turn

%: no passive effects
@: no status effects
A: sickness immunity, AC +5, negative energy resistance 1, electricity
resistance, torment resistance 1, petrification resistance
a: no special abilities


You were on level 5 of the Dungeon.
You visited 1 branch of the dungeon, and saw 5 of its levels.

You collected 132 gold pieces.


Innate Abilities, Weirdness & Mutations

You are immune to sickness and miasma.
Your stone body is resilient. (AC +5)
You are immune to poison.
You resist negative energy. (rN+)
You are resistant to electric shocks. (rElec)
You are resistant to unholy torment.
You are immune to petrification.


   Skills:
 - Level 5.1 Fighting
 + Level 7.6 Axes
 - Level 3.2 Armour
 - Level 1.4 Dodging
 - Level 3.2 Shields


You had 7 spell levels left.
You didn't know any spells.
Your spell library was empty.

Inventory:

Hand Weapons
 h - a +0 flail
 Y - a +0 war axe (weapon)
Armour
 c - a +0 buckler (worn)
 k - a +0 cloak (worn)
 m - a +0 chain mail (worn)
Jewellery
 r - a ring of protection from cold (left hand)
Wands
 g - a wand of digging (5)
Scrolls
 a - a scroll of identify
Potions
 d - 2 potions of might
 e - a potion of mutation
 f - a potion of magic
 i - a potion of resistance
 j - a potion of lignification {unknown}
 q - a potion of curing {unknown}
 s - a potion of heal wounds {unknown}

Dungeon Overview and Level Annotations

Branches:
Dungeon (5/15)             Temple (0/1) D:5

Altars:
Ru

Shops:
D:1 !

Annotations:
D:5 Pikel


Message History

The water moccasin barely misses you. The hound bites you.
You slash the hound!
You kill the hound!
You closely miss the water moccasin. You hit the hound.
You barely miss the gnoll. The water moccasin barely misses you.
The hound closely misses you.
The gnoll hits you from afar with a +0 spear!
You block the gnoll's attack. The water moccasin barely misses you.
You barely miss the hound.
The hound is severely wounded.
You closely miss the water moccasin. You hit the lemure.
You completely miss the gnoll. The hound barely misses you.
The lemure hits you.
The gnoll hits you but does no damage. x2
The water moccasin bites you but does no damage.
The hound bites you but does no damage. The gnoll hits you but does no damage.
The gnoll misses you.
You slash the hound!
You kill the hound!
You hit the water moccasin. You hit Pikel but do no damage.
You barely miss the gnoll.
The water moccasin bites you but does no damage.
The water moccasin closely misses you. The gnoll closely misses you.
The gnoll hits you with a +0 whip.
Pikel hits you with a +2 whip of electrocution.
You slash the water moccasin!
The water moccasin is heavily wounded.
You hit the lemure. You hit Pikel but do no damage. You barely miss the gnoll.
The water moccasin bites you but does no damage.
The lemure hits you but does no damage.
The gnoll hits you from afar with a +0 spear!
The gnoll barely misses you. x2
Pikel hits you with a +2 whip of electrocution.
The water moccasin barely misses you.
You closely miss the water moccasin.
The water moccasin is heavily wounded.
You hit the lemure. You hit Pikel but do no damage. You slash the gnoll!
The water moccasin bites you. The lemure hits you.
You block the gnoll's attack.
The gnoll hits you from afar with a +0 spear!
You die...

..$...... #
###........ .....
.............
#.......##. ..........
#..........##.........
........##..55gg.....
....[.....##S5o##...
####......#.##@K5##..
<.....###..)...g.....#
#...........>....##
#)...............#
#........##..!##...
#..(.....##...##...
#.................# .
####...#.......#.#
#..####...........#


You could see Pikel, a water moccasin, 4 lemures, 3 gnolls and an orc.

Vanquished Creatures
  Sigmund (D:4)
  Pargi (D:3)
  An ogre (D:5)
  Blork the orc (D:4)
  A scorpion (D:5)
  A vampire bat (D:3)
  2 hounds (D:5)
  A jelly (D:5)
  Ijyb (D:3)
  Natasha (thrice) (D:4)
  5 gnolls
  5 adders
  An ufetubus (D:5)
  4 worms
  4 dart slugs
  3 fire bats (D:3)
  2 spectral bats (D:3)
  8 ball pythons
  A bat simulacrum (D:3)
  3 bat skeletons (D:3)
  A bat zombie (D:3)
  9 endoplasms
  4 giant cockroaches
  5 goblins
  4 hobgoblins
  3 quokkas
  16 bats
  8 kobolds
  6 rats
105 creatures vanquished.

Notes
Turn   | Place    | Note
-------+----------+-------------------------------------------
     0 | D:1      | qw the Gargoyle Fighter began the quest for the Orb.
     0 | D:1      | Reached XP level 1. HP: 14/14 MP: 1/1
     0 | D:1      | 0 ||| qw: Version: 0.2-a-29-gc1b59c4
     0 | D:1      | 0 ||| qw: Game counter: 4549
     0 | D:1      | 0 ||| qw: Always use a shield: true
     0 | D:1      | 0 ||| qw: God list: Okawaru
     0 | D:1      | 0 ||| qw: Allow faded altars: false
     0 | D:1      | 0 ||| qw: Do Orc after D:15 true
     0 | D:1      | 0 ||| qw: Do second Lair branch before Depths: true
     0 | D:1      | 0 ||| qw: Lair rune preference: random
     0 | D:1      | 0 ||| qw: Plans: Normal, Zot:1-4, Slime:5, God:TSO, Crypt,
                  | Tomb, Abyss, Pan, Hells, Win
     0 | D:1      | 0 ||| PLANNING D:1-11
    82 | D:1      | Reached skill level 2 in Axes
   128 | D:1      | Reached XP level 2. HP: 19/19 MP: 2/2
   140 | D:1      | Reached skill level 3 in Axes
   146 | D:1      | Reached XP level 3. HP: 17/23 MP: 3/3
   206 | D:1      | 206 ||| DROPPING +0 club.
   249 | D:1      | 249 ||| Stepping ~*~*~tactically~*~*~ (stealth).
   460 | D:1      | Found Tevam's Distillery.
   469 | D:1      | 469 ||| SHOPLISTING potion of curing (33 gold, have 14).
   469 | D:1      | 469 ||| SHOPLISTING potion of heal wounds (55 gold, have
                  | 14).
   469 | D:1      | 469 ||| SHOPLISTING potion of lignification (33 gold, have
                  | 14).
   640 | D:1      | 640 ||| UPGRADING to +0 cloak.
   645 | D:1      | 645 ||| READING scroll labelled KUFIEN FAUPS.
   646 | D:1      | 646 ||| READING scroll labelled ZEHIET WIFUMAN.
   647 | D:1      | 647 ||| READING scroll labelled LAUNUL QIA.
   680 | D:2      | Reached XP level 4. HP: 26/28 MP: 4/4
   723 | D:2      | 723 ||| Stepping ~*~*~tactically~*~*~ (stealth).
   748 | D:2      | 748 ||| Stepping ~*~*~tactically~*~*~ (stealth).
   763 | D:2      | Found a faded altar of an unknown god.
   815 | D:2      | 815 ||| Stepping ~*~*~tactically~*~*~ (stealth).
   825 | D:2      | Reached skill level 4 in Axes
  1067 | D:2      | 1067 ||| Stepping ~*~*~tactically~*~*~ (stealth).
  1185 | D:2      | 1185 ||| READING 2 scrolls labelled VIEXKOICOQ.
  1186 | D:2      | 1186 ||| READING scroll labelled FABLUR TESAPE.
  1187 | D:2      | 1187 ||| READING scroll labelled IJEANO ITHRARUD.
  1219 | D:3      | Noticed Pargi
  1221 | D:3      | 1221 ||| Stepping ~*~*~tactically~*~*~ (stealth).
  1232 | D:3      | Killed Pargi
  1233 | D:3      | Reached skill level 5 in Axes
  1233 | D:3      | Reached XP level 5. HP: 10/32 MP: 5/5
  1377 | D:3      | Noticed Ijyb
  1378 | D:3      | 1378 ||| Stepping ~*~*~tactically~*~*~ (hiding).
  1405 | D:3      | Killed Ijyb
  1521 | D:3      | Reached XP level 6. HP: 38/38 MP: 6/6
  1693 | D:3      | Reached skill level 1 in Dodging
  1895 | D:3      | Found a sacrificial altar of Ru.
  2126 | D:3      | 2126 ||| READING 3 scrolls of identify.
  2126 | D:3      | 2126 ||| IDENTIFYING bubbling pink potion
  2127 | D:3      | 2127 ||| READING 2 scrolls of identify.
  2127 | D:3      | 2127 ||| IDENTIFYING amethyst potion
  2226 | D:4      | Noticed Blork the orc
  2233 | D:4      | Killed Blork the orc
  2234 | D:4      | Reached skill level 6 in Axes
  2343 | D:4      | Reached XP level 7. HP: 42/43 MP: 7/7
  2436 | D:4      | Noticed Natasha
  2445 | D:4      | Killed Natasha
  2481 | D:4      | Noticed Sigmund
  2482 | D:4      | 2482 ||| Stepping ~*~*~tactically~*~*~ (hiding).
  2491 | D:4      | Killed Sigmund
  2492 | D:4      | Reached skill level 7 in Axes
  2606 | D:4      | Noticed Natasha
  2607 | D:4      | 2607 ||| Stepping ~*~*~tactically~*~*~ (hiding).
  2608 | D:4      | 2608 ||| Stepping ~*~*~tactically~*~*~ (hiding).
  2618 | D:4      | Killed Natasha
  2631 | D:4      | Noticed Natasha
  2641 | D:4      | Killed Natasha
  3013 | D:4      | 3013 ||| UPGRADING to +0 chain mail.
  3023 | D:4      | 3023 ||| DROPPING +0 scale mail.
  3024 | D:4      | 3024 ||| DROPPING amulet of magic regeneration.
  3025 | D:4      | 3025 ||| UPGRADING to ring of protection from cold.
  3026 | D:4      | 3026 ||| READING scroll labelled WAITYO USUAQU.
  3031 | D:4      | 3031 ||| READING scroll labelled PASAUCKEOD.
  3032 | D:4      | 3032 ||| READING scroll labelled NEEHAFIEXT.
  3056 | D:5      | Entered Level 5 of the Dungeon
  3077 | D:5      | Found a staircase to the Ecumenical Temple.
  3078 | D:5      | 3078 ||| PLANNING TEMPLE
  3078 | D:5      | 3078 ||| READING 2 scrolls of identify.
  3078 | D:5      | 3078 ||| IDENTIFYING gluggy blue potion
  3093 | D:5      | Reached XP level 8. HP: 16/49 MP: 8/8
  3210 | D:5      | Noticed Pikel
  3220 | D:5      | HP: 12/49 [Pikel/+2 whip of electrocution (5)]
  3221 | D:5      | HP: 3/49 [lemure[Pikel] (3)]
  3221 | D:5      | Slain by a gnoll

Levels and vault maps discovered:
D:1:      dpeg_arrival_ternary, layout_rooms, serial_shops, shop,
          chequers_avenue, dk_noncrumbling_4
D:2:      minmay_diamond_boxcup, layout_rooms, ebering_ecumenical_altar_webs,
          nicolae_the_louvre
D:3:      layout_rooms, nicolae_overflow_crystal_walls, goddamned_bats,
          uniq_pargi, uniq_ijyb
D:4:      layout_loops_ring, uniq_sigmund, uniq_blork_the_orc, uniq_natasha
D:5:      layout_rooms, general_overflow_altar,
          mainiacjoe_overflow_small_starburst,
          worldfamousw_hep_ancestral_shrine, minmay_temple_entry_stoned_glass,
          biasface_ghost_orc_armoury, serial_bayou_pond_a, uniq_pikel

Skill      XL: |  1  2  3  4  5  6  7 |
---------------+----------------------+-----
Axes           | 2 3 5 6 7 |  7.6
Fighting       | 4 5 |  5.1
Dodging        | 1 |  1.4
Armour         | |  3.2
Shields        | |  3.2

Action                     |  1- 3 |  4- 6 |  7- 9 || total
---------------------------+-------+-------+-------++-------
  Melee: War axe           |    74 |   219 |    75 ||   368
    Use: Scroll            |     3 |     5 |     4 ||    12
 Armour: Scale mail        |    43 |   211 |    30 ||   284
         Chain mail        |       |       |    16 ||    16
  Dodge: Dodged            |    35 |   146 |    51 ||   232
  Block: Buckler           |    12 |    66 |    16 ||    94

Table legend:
 A = Non-vault XP
 B = Vault XP
 C = Vault XP percentage of total XP
 D = Non-vault monster count
 E = Vault monster count
 F = Vault count percentage of total count
                 A         B        C        D         E       F
            +---------+---------+-------+---------+---------+-------
      Total |     645 |     731 |  53.1 |      72 |      33 |  31.4
            +---------+---------+-------+---------+---------+-------
        D:1 |      55 |       0 |   0.0 |      25 |       0 |   0.0
        D:2 |      70 |      18 |  20.5 |      17 |       8 |  32.0
        D:3 |      28 |     343 |  92.5 |      13 |      22 |  62.9
        D:4 |     160 |     370 |  69.8 |      11 |       3 |  21.4
        D:5 |     332 |       0 |   0.0 |       6 |       0 |   0.0
            +---------+---------+-------+---------+---------+-------
